AoeStats
← Innil

Arena

510092649Analyzed
1v1 RM · 1d ago on Sep 29, 2026· 49m 10s· 2 players
Game mode
Random Map
Map size
Tiny (2 player)
Population
200
Speed
Normal
Resources
Standard
Victory
Conquest
Starting age
Dark Age
Ending age
Imperial Age
RankedLock teamsTeams togetherTeam positionsShared explorationLock speedFull tech treeHidden civsTurbo modeCheats
Victory
Defeat
🇩🇰 Persians · Denmark
990
+16
🇹🇼 Magyars · Taiwan
1000
-48
jeppjensen
1:25 Loom
10:51 Feudal Age
11:11 Horse Collar
11:50 Double-Bit Axe
15:23 Bloodlines
16:56 Wheelbarrow
17:46 Scale Barding Armor
22:38 Castle Age
20:51 Fletching
21:39 Forging
22:47 Crossbowman
23:33 Thumb Ring
23:28 Bodkin Arrow
23:52 Bow Saw
24:06 Heavy Plow
24:30 Husbandry
25:13 Padded Archer Armor
26:30 Leather Archer Armor
29:22 Hand Cart
31:33 Chain Barding Armor
31:43 Kamandaran
32:43 Devotion
35:49 Iron Casting
40:54 Imperial Age
39:09 Ballistics
41:54 Crop Rotation
42:27 Two-Man Saw
42:27 Ring Archer Armor
43:03 Chemistry
43:07 Plate Barding Armor
43:13 Conscription
43:21 Elite War Elephant
45:47 Blast Furnace
45:42 Faith
Innil
0:26 Loom
11:15 Feudal Age
16:31 Castle Age
14:24 Double-Bit Axe
17:32 Bow Saw
33:19 Imperial Age
31:25 Scale Barding Armor
32:14 Horse Collar
32:26 Gold Mining
34:43 Conscription
35:20 Block Printing
35:14 Corvinian Army
37:56 Elite Magyar Huszar
39:59 Two-Man Saw
40:48 Wheelbarrow
40:42 Heavy Plow
41:22 Gold Shaft Mining
40:40 Stone Mining
41:29 Parthian Tactics
40:58 Heavy Cavalry Archer
42:47 Hand Cart
43:48 Recurve Bow
44:19 Chain Barding Armor
43:50 Fletching
44:00 Padded Archer Armor
45:51 Sanctity
Connection lost

Rejoining the realm…

Still unreachable

The connection could not be restored.

Session expired

The server has moved on; the page needs a fresh start.